Map: Moonlight Madness LE (Void)

Players

BacktoBack - Winner!

  • Race: Protoss Protoss
  • League: Diamond

Toronto

  • Race: Terran Terran
  • League: Diamond

VOD

Have the link to the VOD?

Description

Time

  • Played on: Oct. 25, 2015, 1:35 p.m.
  • Length: 16:04
Show
View Real Time Build Order
Export as new Build Order

BacktoBack Protoss - Winner!

Build Orders: Blink Stalkers 

Get SALT Encoding   

  12  0:02  Probe (Chrono Boost)  
  13  0:12  Probe (Chrono Boost)  
  14  0:21  Pylon  
  14  0:23  Probe (Chrono Boost)  
  15  0:39  Probe (Chrono Boost)  
  15  0:41  Gateway  
  16  0:50  Probe (Chrono Boost)  
  16  0:51  Assimilator  
  16  0:55  Assimilator  
  17  1:00  Probe (Chrono Boost)  
  19  1:11  Probe (Chrono Boost)  
  19  1:12  Pylon  
  19  1:22  Probe (Chrono Boost)  
  20  1:29  Cybernetics Core  
  20  1:32  Probe (Chrono Boost)  
  23  1:43  Probe (Chrono Boost)  
  24  1:53  Probe (Chrono Boost)  
  25  2:03  Nexus  
  25  2:05  Mothership Core (Chrono Boost)  
  25  2:09  Warp Gate  
  25  2:17  Stalker  
  25  2:21  Pylon  
  27  2:24  Probe (Chrono Boost)  
  28  2:37  Probe (Chrono Boost)  
  29  2:44  Robotics Facility  
  29  2:47  Probe (Chrono Boost)  
  30  2:58  Probe (Chrono Boost)  
  31  3:00  Twilight Council  
  31  3:08  Probe (Chrono Boost)  
  32  3:18  Probe (Chrono Boost)  
  32  3:19  Probe (Chrono Boost)  
  34  3:27  Probe (Chrono Boost)  
  34  3:28  Stalker  
  34  3:30  Probe (Chrono Boost)  
  34  3:32  Observer (Chrono Boost)  
  39  3:37  Probe  
  39  3:38  Blink (Chrono Boost)  
  40  3:41  Probe  
  40  3:45  Pylon  
  40  3:47  Probe, Assimilator  
  41  3:52  Observer (Chrono Boost)  
  41  3:53  Probe  
  44  3:58  Probe, Assimilator  
  45  4:05  Probe  
  45  4:08  Probe  
  47  4:17  Probe  
  47  4:19  Probe  
  49  4:30  Probe x2, Observer (Chrono Boost)  
  51  4:34  Stalker  
  51  4:38  Gateway  
  54  4:39  Gateway  
  54  4:40  Probe  
  54  4:42  Probe  
  56  4:51  Probe, Stargate  
  57  4:53  Pylon  
  57  4:54  Probe  
  58  5:01  Stalker, Probe  
  58  5:05  Pylon  
  58  5:06  Probe  
  62  5:12  Probe  
  63  5:18  Probe  
  64  5:22  Probe  
  64  5:23  Forge  
  64  5:26  Pylon  
  65  5:29  Nexus  
  65  5:30  Stalker  
  65  5:32  Probe  
  65  5:33  Probe  
  69  5:41  Protoss Ground Armor Level 1 (Chrono Boost)  
  69  5:43  Pylon  
  69  5:44  Probe  
  69  5:45  Probe  
  71  5:55  Pylon  
  71  5:56  Probe  
  72  5:57  Phoenix (Chrono Boost)  
  72  6:00  Probe  
  75  6:07  Robotics Bay  
  75  6:08  Probe  
  76  6:13  Probe  
  77  6:19  Phoenix (Chrono Boost)  
  77  6:20  Probe  
  77  6:23  Photon Cannon  
  77  6:25  Probe  
  81  6:32  Probe  
  82  6:37  Probe  
  83  6:42  Pylon  
  83  6:43  Stalker x3  
  83  6:44  Probe x2  
  91  6:49  Probe  
  91  6:53  Assimilator  
  92  6:54  Disruptor (Chrono Boost)  
  92  6:56  Probe  
  92  6:57  Assimilator  
  96  7:04  Fleet Beacon, Stargate  
  96  7:05  Probe x2  
  98  7:09  Probe  
  88  7:17  Probe  
  88  7:18  Probe  
  88  7:21  Probe  
  88  7:22  Photon Cannon  
  91  7:26  Disruptor (Chrono Boost)  
  91  7:29  Probe  
  95  7:30  Probe  
  95  7:33  Probe  
  95  7:34  Adept, Protoss Ground Weapons Level 1  
  95  7:35  Adept  
  101  7:41  Probe  
  101  7:42  Probe  
  103  7:45  Probe  
  103  7:50  Tempest (Chrono Boost)  
  112  7:52  Disruptor  
  112  7:55  Tempest (Chrono Boost)  
  115  7:59  Probe x2  
  115  8:03  Pylon  
  115  8:04  Photon Cannon  
  117  8:07  Stalker x3  
  117  8:09  Probe  
  117  8:11  Observer Gravitic Boosters  
  122  8:28  Tempest (Chrono Boost)  
  122  8:30  Adept x2  
  122  8:31  Adept  
  132  8:59  Pylon  
  132  9:00  Pylon x2  
  132  9:02  Gateway  
  132  9:03  Gateway  
  132  9:05  Pylon  
  132  9:08  Gateway  
  132  9:12  Disruptor  
  132  9:17  Nexus  
  132  9:19  Adept x3  
  132  9:20  Assimilator  
  132  9:23  Tempest x2 (Chrono Boost)  
  132  9:24  Assimilator  
  143  9:26  Pylon  
  143  9:30  Protoss Ground Weapons Level 2  
  143  9:42  Pylon  
  143  9:44  Pylon  
  143  9:45  Pylon  
  143  9:47  Pylon  
  143  10:06  Tempest (Chrono Boost), Disruptor  
  147  10:10  Tempest (Chrono Boost), Protoss Air Weapons Level 1  
  154  10:17  Adept  
  156  10:23  Stalker  
  156  10:24  Stalker  
  160  10:39  Zealot x4  
  160  10:40  Disruptor  
  168  10:45  Templar Archives  
  173  10:53  Tempest (Chrono Boost)  
  173  11:06  Adept  
  173  11:10  Photon Cannon  
  175  11:12  Photon Cannon  
  175  11:14  Photon Cannon  
  175  11:15  Tempest (Chrono Boost)  
  175  11:16  Photon Cannon  
  175  11:17  Stargate  
  179  11:18  Pylon  
  179  11:21  Pylon  
  179  11:28  Psionic Storm  
  179  11:31  Robotics Facility  
  183  11:36  Tempest (Chrono Boost)  
  183  11:41  Disruptor  
  186  11:53  Gateway  
  186  11:54  Gateway x2, Photon Cannon  
  186  11:55  Gateway  
  136  12:32  Tempest (Chrono Boost)  
  136  12:34  Protoss Air Weapons Level 2, Tempest x2 (Chrono Boost)  
  146  12:44  Zealot x3  
  146  12:45  Zealot x3  
  158  12:53  Disruptor  
  158  12:54  Disruptor  
  164  13:12  Nexus, Pylon  
  164  13:15  High Templar x2, Assimilator  
  164  13:16  High Templar x2  
  164  13:17  Zealot x6  
  184  13:20  Archon, Assimilator  
  184  13:21  Archon  
  184  13:29  Immortal  
  184  13:30  Immortal  
  191  14:03  Zealot x4  
  190  14:32  Tempest x3 (Chrono Boost)  
  196  14:43  Zealot x3  
  196  14:45  Zealot x4  
  200  14:50  Zealot x2  
  200  14:51  Zealot  
  188  15:07  High Templar x2  
  188  15:08  High Templar x2  
  188  15:10  Zealot x2  
  188  15:11  Zealot  
  188  15:12  Archon x2  
  198  15:14  Zealot  
  200  15:42  Nexus  
Show
View Real Time Build Order
Export as new Build Order

Toronto Terran 

Build Orders: Liberator Opening, Reaper Expand, MMM Bio 

Get SALT Encoding   

  12  0:00  SCV  
  13  0:12  SCV  
  14  0:17  Supply Depot  
  14  0:25  SCV  
  15  0:39  SCV  
  15  0:40  Barracks  
  16  0:45  Refinery  
  16  0:51  SCV  
  17  1:03  SCV  
  18  1:15  SCV  
  19  1:30  Orbital Command  
  19  1:31  Reaper  
  20  1:48  Command Center  
  20  1:57  SCV  
  20  1:58  Bunker  
  21  2:06  Supply Depot  
  21  2:09  Barracks Reactor, SCV  
  22  2:19  Refinery  
  22  2:21  SCV  
  23  2:27  Factory  
  23  2:33  SCV  
  24  2:46  Engineering Bay  
  24  2:47  SCV  
  25  2:51  Marine x2  
  27  2:59  SCV  
  28  3:07  Orbital Command  
  28  3:11  SCV  
  29  3:15  Starport  
  29  3:19  Marine, Widow Mine  
  32  3:30  Supply Depot  
  33  3:34  SCV x2  
  36  3:44  Liberator  
  36  3:46  SCV x2  
  36  3:47  Liberator  
  36  3:55  Barracks Tech Lab  
  36  3:56  Widow Mine  
  36  3:58  SCV  
  42  4:05  SCV  
  46  4:11  SCV  
  47  4:17  SCV  
  47  4:23  SCV  
  49  4:26  Widow Mine  
  49  4:30  SCV  
  51  4:33  Supply Depot  
  51  4:35  Command Center  
  51  4:38  Stimpack, Marine  
  52  4:41  SCV  
  52  4:43  Missile Turret  
  53  4:54  SCV  
  53  4:55  Supply Depot  
  53  4:58  SCV  
  55  5:00  Barracks  
  55  5:01  Barracks  
  55  5:04  Engineering Bay  
  55  5:05  Terran Infantry Weapons Level 1  
  55  5:10  Refinery  
  55  5:14  SCV  
  55  5:15  Supply Depot  
  56  5:28  Marauder  
  58  5:30  SCV x2  
  58  5:31  Barracks  
  58  5:32  Barracks  
  60  5:42  SCV x2  
  59  5:43  Terran Infantry Armor Level 1  
  59  5:48  Barracks Reactor  
  59  5:49  Barracks Tech Lab  
  59  5:50  Orbital Command  
  59  5:53  Supply Depot, Medivac, Marauder  
  59  5:56  Supply Depot, SCV  
  64  5:59  Refinery  
  64  6:16  Marauder x2  
  64  6:17  SCV x2  
  70  6:31  Barracks Tech Lab, Orbital Command  
  67  6:33  Barracks Tech Lab  
  67  6:35  Supply Depot, Marine  
  67  6:36  Marine  
  67  6:37  Marauder  
  67  6:39  Armory  
  71  6:40  Supply Depot x2, Medivac x2  
  71  6:41  Factory Tech Lab  
  71  6:44  SCV  
  71  6:45  SCV  
  77  6:49  Supply Depot x2  
  77  6:58  Marauder x3, Marine x2  
  85  7:02  Supply Depot  
  85  7:04  SCV  
  85  7:06  SCV  
  85  7:07  Missile Turret  
  85  7:17  Marauder, Medivac, Marine x2  
  85  7:18  SCV  
  85  7:19  Marauder  
  90  7:28  Missile Turret  
  90  7:37  SCV x2  
  90  7:38  Barracks  
  90  7:39  Refinery, Starport, Barracks  
  90  7:44  Missile Turret  
  92  7:45  Sensor Tower  
  92  7:48  Missile Turret  
  92  7:52  Combat Shields  
  92  7:53  Concussive Shells  
  92  7:54  Marauder, Marine x2  
  92  7:55  Marauder  
  92  7:58  SCV x3  
  100  8:01  Supply Depot  
  101  8:11  Terran Infantry Weapons Level 2  
  101  8:12  Ghost Academy  
  101  8:17  Terran Infantry Armor Level 2  
  101  8:19  Supply Depot x2  
  101  8:20  Starport Reactor  
  101  8:29  Barracks Tech Lab  
  101  8:32  SCV x2, Marauder x2, Marine  
  101  8:33  SCV  
  109  8:34  Refinery  
  109  8:42  Barracks Tech Lab  
  109  8:44  SCV x2  
  101  8:50  Marine x2  
  101  8:51  Marine  
  101  8:53  Marauder  
  110  8:56  Personal Cloaking  
  110  8:58  SCV x2  
  112  9:14  SCV x2, Starport  
  112  9:15  Starport x2  
  110  9:17  Starport  
  109  9:26  Terran Ship Weapons Level 1  
  109  9:30  Supply Depot  
  109  9:31  Supply Depot  
  100  9:43  Viking x2  
  100  9:44  Viking x2  
  108  9:50  Marine  
  108  9:51  Marine x5  
  108  9:52  Starport Tech Lab x2  
  114  9:53  Starport Tech Lab  
  114  9:54  Starport Tech Lab  
  112  10:01  Command Center  
  112  10:08  Armory  
  112  10:13  Viking  
  114  10:15  Factory  
  114  10:16  Factory  
  114  10:27  Viking  
  120  10:31  Fusion Core  
  120  10:34  Cloaking Field  
  110  11:10  Medivac x3  
  116  11:12  Viking x3  
  116  11:16  Banshee x2  
  116  11:17  Marauder, Marine x4  
  116  11:18  Marauder  
  136  11:19  Widow Mine x3  
  138  11:30  Command Center  
  138  11:36  Command Center  
  138  11:37  Marauder x2, Marine x3  
  145  11:50  Sensor Tower  
  145  11:51  Terran Ship Weapons Level 2  
  145  11:52  Terran Vehicle And Ship Armor Level 1  
  105  12:19  Marauder, Marine x4  
  105  12:20  Medivac, Marauder x3  
  105  12:21  Viking, Medivac x2  
  101  12:32  Hyperflight Rotors  
  91  13:20  Factory Tech Lab  
  91  13:21  Marine  
  91  13:22  Marine x6  
  91  13:23  Medivac x2, Marauder  
  91  13:24  Viking x2, Medivac  
  110  13:29  Viking x2  
  114  13:40  Viking, Marauder x3  
  120  13:44  Planetary Fortress  
  120  13:53  Viking x2  
  124  13:59  Missile Turret x2  
  124  14:01  Planetary Fortress, Missile Turret  
  110  14:19  Viking x3  
  104  14:41  Viking x3  
  104  14:42  Marauder, Marine x6  
  104  14:43  Marauder  
  113  14:59  Marine  
  127  15:00  Marauder, Viking, Marine x2  
  102  15:01  Marauder x2  
  102  15:03  Marine  
  102  15:04  Marauder  
  102  15:17  Marine  
  97  15:41  Marauder x2, Marine x4  
  97  15:42  Marauder x2  
Tags
 
Add a new tag
Caveats
  • Supply blocks, unpowered buildings, or Contaminate may cause inaccurate times.
  • Supply counts are checked every 10 seconds.